[Event "Titled Tuesday Blitz January 03 Late 2023"]
[White "Tang, Andrew"]
[Black "Aradhya, Garg"]
[WhiteFideId "2059630"]
[BlackFideId "25006746"]
[WhiteElo "2523"]
[BlackElo "2284"]
[Result "1-0"]
[Round "07"]
[TimeControl "180+2"]
[Date "2023.01.03"]
[WhiteClock "0:00:08"]
[BlackClock "0:00:01"]

1. d4 d5 2. Bf4 Nf6 3. e3 Bf5 4. c4 e6 5. Nc3 Bb4 6. Nf3 O-O 7. Be2 c5 8. O-O dxc4 9. Bxc4 Nc6 10. a3 Bxc3 11. bxc3 Ne4 12. Rc1 Rc8 13. Bd3 Ne7 14. Qc2 Nf6 15. Bxf5 Nxf5 16. e4 Ne7 17. dxc5 Rxc5 18. Rfd1 Qe8 19. Bd6 Rc8 20. Ne5 b6 21. f3 Rd8 22. c4 Nh5 23. c5 f6 24. Nc4 e5 25. cxb6 axb6 26. Nxb6 Nf4 27. a4 Kh8 28. a5 Qb5 29. Bxe7 Ne2+ 30. Kf2 Nxc1 31. Bxd8 Nb3 32. Be7 Re8 33. Rd5 Nd4 34. Rxb5 Nxc2 35. Bc5 Nd4 36. Bxd4 exd4 37. a6 Re7 38. Rd5 h6 39. Rd7 Re6 40. a7 Rxb6 41. a8=Q+ Kh7 42. Rd8 Rb1 43. Kg3 d3 44. Rh8+ Kg6 45. Qe8+ Kg5 46. h4# 1-0


[Site "https://www.chess.com"]

[Event "Titled Tuesday Blitz January 03 Late 2023"]
[White "Nasuta, Grzegorz"]
[Black "Makarian, Rudik"]
[WhiteFideId "1141686"]
[BlackFideId "44105681"]
[WhiteElo "2552"]
[BlackElo "2545"]
[Result "1-0"]
[Round "07"]
[TimeControl "180+2"]
[Date "2023.01.03"]
[WhiteClock "0:00:03"]
[BlackClock "0:00:06"]

1. e4 e5 2. Nf3 Nc6 3. Bc4 Bc5 4. O-O Nf6 5. d3 h6 6. Re1 d6 7. c3 a5 8. Nbd2 Ba7 9. Nf1 O-O 10. h3 Be6 11. Bb5 Ne7 12. d4 exd4 13. Nxd4 Ng6 14. Ng3 c6 15. Bd3 Re8 16. Bc2 Qc7 17. Be3 Bd7 18. Qd2 Re5 19. Rad1 Rae8 20. f4 Nxe4 21. Bxe4 Rxe4 22. Nxe4 Rxe4 23. Nf3 Bb8 24. Bf2 Rxf4 25. Bg3 d5 26. Bxf4 Nxf4 27. Qf2 Be6 28. Nd4 Qd6 29. Nf3 Bc7 30. Rd2 Bxh3 31. Ne5 Nxg2 32. Qxf7+ Kh7 33. Rxg2 Bxg2 34. Kxg2 Bd8 35. Qf5+ Kg8 36. Qf7+ Kh7 37. Qf5+ Kg8 38. Rf1 Bf6 39. Ng4 Bg5 40. Re1 Qd8 41. Qe6+ Kh7 42. Qf5+ Kg8 43. Re6 d4 44. Qg6 Kf8 45. Ne5 Qd5+ 46. Kg3 Bh4+ 47. Kxh4 Qh1+ 48. Kg4 Qg2+ 49. Kf4 Qd2+ 50. Ke4 Qe3+ 51. Kf5 Qf2+ 52. Kg4 Qg2+ 53. Kf4 Qd2+ 54. Kg3 Qe1+ 55. Kh2 Qf2+ 56. Qg2 Qh4+ 57. Kg1 Kg8 58. Nf3 Kh7 59. Nxh4 dxc3 60. Qg6+ Kg8 61. Re8# 1-0


[Site "https://www.chess.com"]

[Event "Titled Tuesday Blitz January 03 Late 2023"]
[White "Chen, Justin"]
[Black "Kamsky, Gata"]
[WhiteFideId "2098199"]
[BlackFideId "2000024"]
[WhiteElo "2333"]
[BlackElo "2665"]
[Result "0-1"]
[Round "07"]
[TimeControl "180+2"]
[Date "2023.01.03"]
[WhiteClock "0:00:02"]
[BlackClock "0:00:54"]

1. c4 g6 2. Nc3 Bg7 3. g3 Nf6 4. Bg2 O-O 5. d4 d6 6. Nf3 Nbd7 7. O-O e5 8. h3 a6 9. e4 Re8 10. Re1 c6 11. Qc2 b5 12. dxe5 dxe5 13. Be3 Bb7 14. Red1 Qe7 15. Rac1 b4 16. Ne2 c5 17. Ne1 Nf8 18. Nd3 Rac8 19. g4 Nxe4 20. Nxb4 Nxf2 21. Nd5 Nxh3+ 22. Bxh3 Qh4 23. Kg2 Ne6 24. Bf2 Qg5 25. Qd2 Nf4+ 26. Nxf4 exf4 27. Kg1 Re4 28. Kf1 Rce8 29. Bg2 Qxg4 30. Bxe4 Rxe4 31. Qd3 f3 32. Ne3 Qh3+ 33. Ke1 Bd4 34. Kd2 Qh2 0-1


[Site "https://www.chess.com"]

[Event "Titled Tuesday Blitz January 03 Late 2023"]
[White "Baskakov, Egor"]
[Black "Perske, Thore"]
[WhiteFideId "24197866"]
[BlackFideId "12902195"]
[WhiteElo "2215"]
[BlackElo "2448"]
[Result "1-0"]
[Round "07"]
[TimeControl "180+2"]
[Date "2023.01.03"]
[WhiteClock "0:01:03"]
[BlackClock "0:00:02"]

1. e4 e6 2. Nc3 d5 3. g3 Nf6 4. Bg2 b6 5. exd5 exd5 6. Nge2 Bb7 7. O-O Be7 8. Nf4 O-O 9. Re1 c6 10. d4 Re8 11. Nd3 Nbd7 12. Bf4 Nf8 13. Qd2 Ne6 14. Be5 Nd7 15. Nf4 Nxe5 16. Nxe6 fxe6 17. Rxe5 Bf6 18. Re2 e5 19. Rae1 Qc7 20. dxe5 Rxe5 21. Rxe5 Bxe5 22. Nxd5 cxd5 23. Bxd5+ Kh8 24. Bxb7 Qxb7 25. Rxe5 Rf8 26. Qe3 Qf7 27. b3 h6 28. c4 Rd8 29. Re7 Rd1+ 30. Kg2 Qf5 31. Rxa7 Qb1 32. Ra8+ Kh7 33. Re8 Rg1+ 34. Kf3 Qf5+ 35. Ke2 Qg4+ 36. f3 Rg2+ 37. Kf1 Qh3 38. Qe4+ g6 39. Qe7# 1-0


[Site "https://www.chess.com"]

[Event "Titled Tuesday Blitz January 03 Late 2023"]
[White "AidenRchess"]
[Black "Mosadeghpour, Masoud"]
[BlackFideId "12519278"]
[WhiteElo "2398"]
[BlackElo "2472"]
[Result "0-1"]
[Round "07"]
[TimeControl "180+2"]
[Date "2023.01.03"]
[WhiteClock "0:00:02"]
[BlackClock "0:01:25"]

1. e4 c5 2. Nf3 d6 3. d4 cxd4 4. Nxd4 Nf6 5. Nc3 Nc6 6. Bg5 e6 7. Qd2 a6 8. O-O-O Bd7 9. f4 Be7 10. Bxf6 Bxf6 11. Nxc6 Bxc6 12. Bd3 Qb6 13. Rhe1 O-O-O 14. e5 Be7 15. f5 dxe5 16. fxe6 f6 17. Kb1 Kb8 18. Qe2 Rd6 19. Bc4 Rhd8 20. Rxd6 Rxd6 21. Rd1 Qd8 22. Rxd6 Qxd6 23. a3 g6 24. h4 f5 25. h5 e4 26. hxg6 hxg6 27. g4 Qd4 28. gxf5 gxf5 29. Bxa6 f4 30. Bb5 f3 31. Qf1 f2 32. Bxc6 bxc6 33. Nd1 e3 34. Nc3 Bf6 35. a4 Ka7 36. a5 Qb4 0-1


[Site "https://www.chess.com"]

[Event "Titled Tuesday Blitz January 03 Late 2023"]
[White "Bortnyk, Olexandr"]
[Black "Fernandez, Maria Florencia"]
[WhiteFideId "14120828"]
[BlackFideId "116459"]
[WhiteElo "2605"]
[BlackElo "2129"]
[Result "1-0"]
[Round "07"]
[TimeControl "180+2"]
[Date "2023.01.03"]
[WhiteClock "0:00:04"]
[BlackClock "0:00:04"]

1. e4 d6 2. d4 Nf6 3. Nc3 g6 4. Bg5 Bg7 5. Qd2 c6 6. Bh6 Bxh6 7. Qxh6 Nbd7 8. O-O-O b5 9. e5 Ng4 10. Qg7 Rf8 11. Nh3 dxe5 12. dxe5 Qc7 13. f4 Ne3 14. Rd2 Nc5 15. Ng5 Ne6 16. Nxb5 Qb6 17. Nxe6 Bxe6 18. Nc3 Rb8 19. b3 Qa5 20. Na4 Qb4 21. Rd3 Qa3+ 22. Kd2 Nxf1+ 23. Rxf1 Qxa2 24. Nc3 Qa5 25. Qxh7 Bf5 26. Rd4 Rd8 27. Rxd8+ Qxd8+ 28. Ke3 Qb6+ 29. Ke2 Qd4 30. Rf3 Qb4 31. Qh4 Bxc2 32. Qf2 Bxb3 33. Qxa7 Qc4+ 34. Kf2 Bc2 35. Qb8+ Kd7 36. Qxf8 Qd4+ 37. Kg3 g5 38. Qxf7 gxf4+ 39. Qxf4 Qd1 40. Nxd1 Bxd1 41. Rd3+ Ke6 42. Rxd1 c5 43. Qg4+ Kxe5 44. Qf3 c4 45. Qf4+ Ke6 46. Kg4 c3 47. Qf5# 1-0


[Site "https://www.chess.com"]

[Event "Titled Tuesday Blitz January 03 Late 2023"]
[White "Paravyan, David"]
[Black "Haydon, David L"]
[WhiteFideId "4194985"]
[BlackFideId "415405"]
[WhiteElo "2601"]
[BlackElo "2253"]
[Result "1-0"]
[Round "07"]
[TimeControl "180+2"]
[Date "2023.01.03"]
[WhiteClock "0:02:26"]
[BlackClock "0:01:56"]

1. e4 c6 2. d4 d5 3. e5 Bf5 4. h4 h5 5. Bd3 Bxd3 6. Qxd3 e6 7. Nf3 Ne7 8. Bg5 Nd7 9. Nbd2 Qb6 10. c3 Nf5 11. O-O Be7 12. Bxe7 Kxe7 13. a4 a5 14. g3 c5 15. Rfb1 cxd4 16. Nxd4 g6 17. N2f3 Rag8 18. b4 Nxd4 19. cxd4 axb4 20. a5 Qa6 21. Qd2 Rb8 22. Qxb4+ Ke8 23. Rc1 Qd3 24. Ng5 1-0


[Site "https://www.chess.com"]

[Event "Titled Tuesday Blitz January 03 Late 2023"]
[White "Pranav, V"]
[Black "Popilski, Gil"]
[WhiteFideId "25060783"]
[BlackFideId "2809060"]
[WhiteElo "2597"]
[BlackElo "2443"]
[Result "0-1"]
[Round "07"]
[TimeControl "180+2"]
[Date "2023.01.03"]
[WhiteClock "0:00:28"]
[BlackClock "0:00:48"]

1. e4 e5 2. Nf3 Nf6 3. Nxe5 d6 4. Nf3 Nxe4 5. Bd3 Nf6 6. O-O Be7 7. c3 O-O 8. Bc2 Bg4 9. d4 Re8 10. Nbd2 c5 11. h3 Bh5 12. Re1 cxd4 13. cxd4 Nc6 14. g4 Bg6 15. Bxg6 hxg6 16. Kg2 Rc8 17. a3 Qb6 18. Nc4 Qa6 19. Ne3 Bf8 20. Bd2 Re4 21. Bc3 Rce8 22. d5 Ne5 23. Ng5 Rf4 24. Kg3 Nd3 25. Re2 Ne4+ 26. Nxe4 Rfxe4 27. Qd2 f5 28. gxf5 gxf5 29. Rd1 f4+ 30. Kg2 Nxf2 31. Rde1 Nd3 32. Nf5 Nxe1+ 33. Rxe1 Rxe1 34. Qxf4 Qe2+ 35. Kg3 Rg1+ 36. Kh4 Re4 0-1


[Site "https://www.chess.com"]

[Event "Titled Tuesday Blitz January 03 Late 2023"]
[White "Atanasov, Anthony"]
[Black "Lazavik, Denis"]
[WhiteFideId "2623897"]
[BlackFideId "13515110"]
[WhiteElo "2368"]
[BlackElo "2544"]
[Result "0-1"]
[Round "07"]
[TimeControl "180+2"]
[Date "2023.01.03"]
[WhiteClock "0:01:23"]
[BlackClock "0:02:09"]

1. d4 Nf6 2. Nf3 d5 3. Bf4 c5 4. e3 Nc6 5. Nbd2 Bg4 6. c3 e6 7. Qb3 Qc8 8. h3 Bh5 9. Nh4 Be7 10. g4 Bg6 11. Nxg6 hxg6 12. Bg2 cxd4 13. exd4 Qd7 14. O-O-O Rc8 15. Kb1 Na5 16. Qc2 b5 17. Nf3 b4 18. Ne5 Qb5 19. g5 Nh5 20. Bd2 O-O 21. Nxg6 fxg6 22. Qxg6 bxc3 23. Qxe6+ Kh8 24. Bxc3 Rxc3 25. Qxe7 Rb8 26. Rd2 Nc4 27. Re2 Na3+ 28. Ka1 Nc2+ 29. Rxc2 Rxc2 30. b3 Rxa2+ 0-1


[Site "https://www.chess.com"]

[Event "Titled Tuesday Blitz January 03 Late 2023"]
[White "Kim, Yoon-Young"]
[Black "Shimanov, Aleksandr"]
[WhiteFideId "30908779"]
[BlackFideId "4198603"]
[WhiteElo "2304"]
[BlackElo "2581"]
[Result "0-1"]
[Round "07"]
[TimeControl "180+2"]
[Date "2023.01.03"]
[WhiteClock "0:01:05"]
[BlackClock "0:01:47"]

1. d4 e6 2. c4 c5 3. d5 d6 4. Nc3 g6 5. Nf3 Bg7 6. Bg5 Bxc3+ 7. bxc3 f6 8. Bc1 e5 9. g3 Qe7 10. Bg2 Nd7 11. O-O Kd8 12. a4 a5 13. Rb1 Kc7 14. Ne1 b6 15. Nc2 f5 16. Na3 Ba6 17. Nb5+ Bxb5 18. Rxb5 g5 19. Bd2 h5 20. Qc2 e4 21. Rfb1 h4 22. Qc1 hxg3 23. hxg3 f4 24. gxf4 gxf4 25. Bxf4 Ngf6 26. Bg3 Nh5 27. Qe3 Nxg3 28. fxg3 Rae8 29. Rf1 Qh7 30. Rf4 Qh2+ 31. Kf2 Rhf8 32. Rb1 Ne5 0-1


[Site "https://www.chess.com"]

[Event "Titled Tuesday Blitz January 03 Late 2023"]
[White "Melkumyan, Hrant"]
[Black "Zeynalli, Rashad"]
[WhiteFideId "13302485"]
[BlackFideId "13403320"]
[WhiteElo "2645"]
[BlackElo "2200"]
[Result "1-0"]
[Round "07"]
[TimeControl "180+2"]
[Date "2023.01.03"]
[WhiteClock "0:00:34"]
[BlackClock "0:00:35"]

1. d4 f5 2. Nc3 Nf6 3. Bg5 d5 4. e3 e6 5. Nf3 Be7 6. Bd3 c5 7. dxc5 Nbd7 8. b4 a5 9. a3 h6 10. Bf4 Ne4 11. Nb5 Bf6 12. Nc7+ Kf7 13. Nxa8 e5 14. Bg3 Nxg3 15. hxg3 e4 16. Be2 exf3 17. Bxf3 Bc3+ 18. Ke2 Bxa1 19. Bxd5+ Kg6 20. Qxa1 Nf6 21. Bc4 f4 22. gxf4 Ne4 23. Bd3 Bf5 24. Nb6 Re8 25. Nc4 Kh7 26. Ne5 Kg8 27. g4 Rxe5 28. gxf5 Re7 29. Rg1 axb4 30. Bxe4 Qd7 31. f6 1-0


[Site "https://www.chess.com"]

[Event "Titled Tuesday Blitz January 03 Late 2023"]
[White "Svane, Rasmus"]
[Black "Baskin, Robert"]
[WhiteFideId "4657101"]
[BlackFideId "24662402"]
[WhiteElo "2623"]
[BlackElo "2442"]
[Result "1-0"]
[Round "07"]
[TimeControl "180+2"]
[Date "2023.01.03"]
[WhiteClock "0:01:40"]
[BlackClock "0:01:28"]

1. Nf3 Nc6 2. d4 d6 3. d5 Nb8 4. e4 Nf6 5. Nc3 g6 6. Be3 Bg7 7. Qd2 c6 8. O-O-O Qa5 9. Bh6 Nxe4 10. Nxe4 Qxa2 11. Nxd6+ exd6 12. Qe3+ Kf8 13. Bxg7+ Kxg7 14. Qc3+ f6 15. Bc4 Qa1+ 16. Kd2 Qa4 17. Ra1 1-0


[Site "https://www.chess.com"]

[Event "Titled Tuesday Blitz January 03 Late 2023"]
[White "Grigoriants, Sergey"]
[Black "Di Berardino, Diego Rafael"]
[WhiteFideId "4130804"]
[BlackFideId "2105446"]
[WhiteElo "2562"]
[BlackElo "2479"]
[Result "1-0"]
[Round "07"]
[TimeControl "180+2"]
[Date "2023.01.03"]
[WhiteClock "0:01:03"]
[BlackClock "0:00:10"]

1. d4 Nf6 2. c4 g6 3. f3 Bg7 4. e4 O-O 5. Nc3 d6 6. Nge2 c5 7. d5 e6 8. Ng3 exd5 9. cxd5 a6 10. a4 h5 11. Be2 h4 12. Nf1 Nh7 13. Ne3 f5 14. exf5 gxf5 15. Nc4 f4 16. Ne4 h3 17. g3 Bd4 18. Bxf4 Rxf4 19. gxf4 Qh4+ 20. Kd2 Qxf4+ 21. Kc2 Bf5 22. Bd3 Nd7 23. Nexd6 Bxd3+ 24. Qxd3 Rf8 25. Rae1 Ndf6 26. Qg6+ Kh8 27. Re7 Rg8 28. Nf7# 1-0


[Site "https://www.chess.com"]

[Event "Titled Tuesday Blitz January 03 Late 2023"]
[White "Ibarra Jerez, Jose Carlos"]
[Black "Ozer, Omer Faruk"]
[WhiteFideId "2226332"]
[BlackFideId "6354564"]
[WhiteElo "2563"]
[BlackElo "2360"]
[Result "1-0"]
[Round "07"]
[TimeControl "180+2"]
[Date "2023.01.03"]
[WhiteClock "0:00:06"]
[BlackClock "0:00:07"]

1. e4 c5 2. Nc3 a6 3. g4 b5 4. Bg2 Bb7 5. d3 e6 6. Nh3 Nc6 7. O-O Qc7 8. f4 O-O-O 9. Be3 f6 10. a4 b4 11. Nb1 d5 12. Nd2 Nh6 13. g5 Nf7 14. Qg4 Kb8 15. c3 d4 16. cxd4 Nxd4 17. Rac1 f5 18. Qd1 g6 19. Nb3 Qb6 20. a5 Qb5 21. Bxd4 cxd4 22. e5 h6 23. gxh6 Rxh6 24. Rc4 Rxh3 25. Bxh3 Qd5 26. Kf2 g5 27. Rg1 gxf4 28. Kf1 Qxe5 29. Bg2 f3 30. Bxf3 Qf4 31. Rg3 Ne5 32. Nd2 Nxc4 33. Nxc4 e5 34. Kg1 e4 35. Bg2 Rc8 36. b3 Bd6 37. Qe1 Bc5 38. Rg7 e3 39. Rxb7+ Ka8 40. Rc7+ Kb8 41. Rxc5 Rxc5 42. Qxb4+ Rb5 43. Qf8+ Ka7 44. Qa8# 1-0


[Site "https://www.chess.com"]

[Event "Titled Tuesday Blitz January 03 Late 2023"]
[White "Sanal, Vahap"]
[Black "Alikhanov, Felix"]
[WhiteFideId "6300545"]
[BlackFideId "4157427"]
[WhiteElo "2600"]
[BlackElo "2434"]
[Result "0-1"]
[Round "07"]
[TimeControl "180+2"]
[Date "2023.01.03"]
[WhiteClock "0:00:01"]
[BlackClock "0:00:30"]

1. b3 Nc6 2. d4 d5 3. Nf3 Nf6 4. e3 Bf5 5. Be2 e6 6. O-O Bd6 7. c4 O-O 8. Nc3 a6 9. Bb2 Ne4 10. Rc1 Nxc3 11. Bxc3 Qf6 12. Bd3 Be4 13. Bxe4 dxe4 14. Nd2 Qg6 15. f4 exf3 16. Qxf3 e5 17. Ne4 exd4 18. exd4 Rae8 19. Rce1 Bb4 20. Bxb4 Nxb4 21. Nc5 Nc2 22. Rxe8 Rxe8 23. Qxb7 Nxd4 24. Qxc7 h5 25. Nd7 Qg5 26. Nb6 Qe3+ 27. Kh1 Qf2 28. Rg1 Nf3 29. gxf3 Qxf3+ 30. Rg2 Re1# 0-1


[Site "https://www.chess.com"]

[Event "Titled Tuesday Blitz January 03 Late 2023"]
[White "Aldokhin, Ivan"]
[Black "Pichot, Alan"]
[WhiteFideId "24115720"]
[BlackFideId "110973"]
[WhiteElo "2413"]
[BlackElo "2638"]
[Result "0-1"]
[Round "07"]
[TimeControl "180+2"]
[Date "2023.01.03"]
[WhiteClock "0:00:02"]
[BlackClock "0:00:17"]

1. e4 c6 2. Nc3 d5 3. d4 dxe4 4. Nxe4 Nf6 5. Nxf6+ exf6 6. c3 Bd6 7. Bd3 O-O 8. Ne2 Re8 9. O-O Qc7 10. Ng3 Nd7 11. f4 Nf8 12. Qf3 Bd7 13. Bd2 c5 14. d5 c4 15. Bc2 Qb6+ 16. Kh1 Qxb2 17. Rfc1 Qb6 18. Ne4 f5 19. Ng3 g6 20. Rab1 Qc7 21. Rf1 b5 22. Ne2 Bc5 23. Nd4 a6 24. Be3 Qd6 25. Bf2 h6 26. Rbd1 Nh7 27. Qg3 Nf6 28. Nxf5 Bxf5 29. Bxc5 Qxc5 30. Bxf5 Re3 31. Qh4 Nxd5 32. Qxh6 gxf5 33. Qg5+ Kf8 34. Qxf5 Rd8 35. Qg5 Qe7 36. Qh6+ Kg8 37. f5 Rd6 38. Qh5 Qf6 39. Rd4 Kf8 40. Rg4 Nxc3 41. Qh7 Ne4 42. Qg8+ Ke7 43. Qc8 Nf2+ 44. Kg1 Nxg4 45. Qc7+ Kf8 46. h3 Re2 47. hxg4 Qd4+ 48. Kh2 Qe5+ 49. Kg1 Rxg2+ 0-1


[Site "https://www.chess.com"]

[Event "Titled Tuesday Blitz January 03 Late 2023"]
[White "Bryakin, Mikhail"]
[Black "Sebag, Marie"]
[WhiteFideId "4165314"]
[BlackFideId "617822"]
[WhiteElo "2455"]
[BlackElo "2430"]
[Result "1-0"]
[Round "07"]
[TimeControl "180+2"]
[Date "2023.01.03"]
[WhiteClock "0:01:46"]
[BlackClock "0:00:03"]

1. e4 d6 2. d4 Nf6 3. Nc3 g6 4. f3 Bg7 5. Be3 a6 6. Qd2 b5 7. Bh6 Bxh6 8. Qxh6 Nbd7 9. O-O-O e5 10. g4 Qe7 11. h4 Bb7 12. Nge2 b4 13. Na4 Bc6 14. b3 Bxa4 15. bxa4 Nb6 16. Qe3 Nxa4 17. Qb3 Nc3 18. Nxc3 bxc3 19. Qxc3 O-O 20. Bc4 Rab8 21. h5 Rb6 22. hxg6 hxg6 23. Qe3 d5 24. Qh6 Qa3+ 25. Kd2 Qb4+ 26. Ke3 Nh5 27. Bxd5 Qc3+ 28. Kf2 Rb2 29. Bb3 Rxb3 30. axb3 1-0


[Site "https://www.chess.com"]

[Event "Titled Tuesday Blitz January 03 Late 2023"]
[White "Ballester Llagaria, Luis Eduardo"]
[Black "Avila Pavas, Santiago"]
[WhiteFideId "2297620"]
[BlackFideId "4437128"]
[WhiteElo "2298"]
[BlackElo "2522"]
[Result "0-1"]
[Round "07"]
[TimeControl "180+2"]
[Date "2023.01.03"]
[WhiteClock "0:01:52"]
[BlackClock "0:02:29"]

1. e4 Nf6 2. e5 Nd5 3. d4 d6 4. Nf3 g6 5. Bc4 Nb6 6. Bb3 Bg7 7. Qe2 O-O 8. h3 c5 9. dxc5 dxc5 10. c3 Bf5 11. Bf4 Bd3 12. Qe3 c4 13. Bd1 Nd5 14. Qc1 Nxf4 15. Qxf4 Nc6 16. Nbd2 Qd5 17. b3 Nxe5 18. bxc4 Nxc4 0-1


[Site "https://www.chess.com"]

[Event "Titled Tuesday Blitz January 03 Late 2023"]
[White "Riehle, Marco"]
[Black "Yaran, Siar"]
[WhiteFideId "12904392"]
[BlackFideId "6323006"]
[WhiteElo "2368"]
[BlackElo "2288"]
[Result "1-0"]
[Round "07"]
[TimeControl "180+2"]
[Date "2023.01.03"]
[WhiteClock "0:00:40"]
[BlackClock "0:00:02"]

1. e4 e5 2. Nf3 Nc6 3. d4 d6 4. dxe5 Nxe5 5. Nxe5 dxe5 6. Qxd8+ Kxd8 7. Nc3 c6 8. Bc4 Ke7 9. Be3 Be6 10. Bxe6 Kxe6 11. O-O-O Nf6 12. f3 Bb4 13. Na4 b6 14. a3 Be7 15. g4 Rhd8 16. h4 h5 17. g5 Nh7 18. Nc3 Nf8 19. Ne2 Rxd1+ 20. Rxd1 Rd8 21. Rf1 Ng6 22. Rh1 Rh8 23. Ng3 Nf4 24. Nf5 g6 25. Ng3 Rd8 26. a4 Bc5 27. Bxc5 bxc5 28. b3 Rd4 29. Rh2 c4 30. Nf1 cxb3 31. cxb3 Rd3 32. Nd2 Kd6 33. Nc4+ Ke6 34. Kc2 Rxf3 35. Rd2 Rh3 36. Rd6+ Ke7 37. Rxc6 Ne6 38. Ra6 Nd4+ 39. Kd1 Rxb3 40. Rxa7+ Ke6 41. Ra6+ Ke7 42. Nxe5 Re3 43. Ra7+ Ke6 44. Nxf7 Rxe4 45. Nh8 Kf5 46. Ra5+ Kg4 47. Nxg6 Nf5 48. Nf8 Nxh4 49. g6 Re7 50. Rb5 Rg7 51. Rb6 Kf5 52. a5 1-0


[Site "https://www.chess.com"]

[Event "Titled Tuesday Blitz January 03 Late 2023"]
[White "Cristobal, Manuel"]
[Black "Kleiman, Jake"]
[WhiteFideId "112879"]
[BlackFideId "2020041"]
[WhiteElo "2257"]
[BlackElo "2399"]
[Result "1/2-1/2"]
[Round "07"]
[TimeControl "180+2"]
[Date "2023.01.03"]
[WhiteClock "0:01:00"]
[BlackClock "0:00:14"]

1. d4 Nf6 2. Nf3 e6 3. e3 d5 4. Bd3 Bd6 5. O-O O-O 6. b3 c5 7. Bb2 Nc6 8. Ne5 Nd7 9. f4 f5 10. Nd2 Ndxe5 11. fxe5 Be7 12. Rf3 Bd7 13. Rh3 Be8 14. g4 Bg6 15. gxf5 Bxf5 16. Bxf5 Rxf5 17. Kh1 Qd7 18. Qg4 Raf8 19. Rg1 R8f7 20. Nf3 Qe8 21. Rhg3 Qf8 22. Ne1 Kh8 23. c4 cxd4 24. exd4 Bg5 25. cxd5 exd5 26. Nf3 Bh6 27. Nh4 Rf2 28. R3g2 Rxg2 29. Nxg2 Rf2 30. Bc3 a6 31. e6 Qe7 32. Re1 Qf6 33. Kg1 Ne7 34. Qg3 Rf3 35. Qb8+ Qf8 36. Qxf8+ Rxf8 37. Bb4 Re8 38. Nh4 Bg5 39. Nf3 Bf6 40. Ne5 Nf5 41. Bc5 Kg8 42. Nf3 g6 43. Re2 Ng7 44. e7 Kf7 45. Ne5+ Kg8 46. Nd7 Kf7 47. Rf2 Nf5 48. a4 Bxe7 49. Ne5+ Ke6 50. Bb6 Bd6 51. Re2 Kf6 52. Ng4+ Kf7 53. Rxe8 Kxe8 54. Nf6+ Kf7 55. Nxd5 Ke6 56. Nc3 Bf4 57. Kg2 Be3 58. d5+ Ke5 59. Bc7+ Kd4 60. Ne2+ Kxd5 61. Kf3 Bc5 62. Nf4+ Kc6 63. Be5 Bd6 64. Ke4 Bxe5 65. Kxe5 Kc5 66. Nd3+ Kc6 67. Nf4 a5 68. Ne6 b6 69. Kf6 Nh4 70. Ng5 h5 71. Ne4 Kd5 72. Nd2 Kd4 73. Kg5 Kc3 74. Nc4 Nf3+ 75. Kxg6 Nxh2 76. Kxh5 Kxb3 77. Nxb6 Nf3 78. Kg4 Ne5+ 79. Kf5 Nc4 80. Nxc4 Kxc4 81. Ke4 Kb4 82. Kd4 Kxa4 83. Kc3 Ka3 84. Kc2 Ka2 85. Kc1 Ka1 86. Kc2 a4 87. Kc1 a3 88. Kc2 a2 89. Kc1 1/2-1/2


[Site "https://www.chess.com"]

[Event "Titled Tuesday Blitz January 03 Late 2023"]
[White "Chor, Kevin"]
[Black "Rozman, Levy"]
[WhiteFideId "2090740"]
[BlackFideId "2039877"]
[WhiteElo "1944"]
[BlackElo "2322"]
[Result "0-1"]
[Round "07"]
[TimeControl "180+2"]
[Date "2023.01.03"]
[WhiteClock "0:00:18"]
[BlackClock "0:01:19"]

1. e4 e6 2. d4 d5 3. Nd2 dxe4 4. Nxe4 Nf6 5. Bg5 Be7 6. Bxf6 gxf6 7. Nf3 f5 8. Ned2 Bf6 9. c3 Rg8 10. g3 b6 11. Bg2 Bb7 12. Qe2 Qe7 13. O-O h5 14. Nc4 Nd7 15. Nfe5 Bxg2 16. Kxg2 Bxe5 17. Nxe5 Nxe5 18. Qxe5 O-O-O 19. a4 Rd5 20. Qe2 h4 21. a5 b5 22. c4 bxc4 23. Qxc4 f4 24. Qa6+ Kd7 25. Rac1 Qd6 26. Qxd6+ cxd6 27. Rc4 Rxa5 28. Rfc1 Ke7 29. Rc7+ Kf6 30. Rd7 Rd5 31. Rcc7 Rg7 32. Rxa7 hxg3 33. hxg3 fxg3 34. fxg3 Rxd4 35. Ra3 Rd2+ 36. Kh3 d5 37. Rf3+ Kg6 38. b3 Rh7+ 39. Kg4 f5+ 40. Kf4 Rxd7 0-1


[Site "https://www.chess.com"]

[Event "Titled Tuesday Blitz January 03 Late 2023"]
[White "Saric, Ibro"]
[Black "Slade, Theodore"]
[WhiteFideId "14401290"]
[BlackFideId "426547"]
[WhiteElo "2531"]
[BlackElo "1995"]
[Result "1-0"]
[Round "07"]
[TimeControl "180+2"]
[Date "2023.01.03"]
[WhiteClock "0:00:10"]
[BlackClock "0:00:02"]

1. d4 d5 2. Nf3 Nf6 3. c4 e6 4. Nc3 Be7 5. Bg5 h6 6. Bxf6 Bxf6 7. Qb3 c6 8. Rd1 O-O 9. e4 dxe4 10. Nxe4 Be7 11. Bd3 Nd7 12. O-O Nf6 13. Rfe1 b6 14. c5 bxc5 15. Nxc5 Qb6 16. Qc2 Rb8 17. b3 Nd5 18. Na4 Qc7 19. Rc1 Nb4 20. Qe2 Nxd3 21. Qxd3 Bb7 22. Nc5 Rfd8 23. Qe4 Rd6 24. Rc4 Rbd8 25. Rec1 Bf6 26. g3 Ba8 27. h4 h5 28. Qe3 Rd5 29. R1c2 g6 30. Re2 Bg7 31. Ne5 Kh7 32. Qf4 Bxe5 33. dxe5 Rd1+ 34. Kh2 Kg8 35. Rcc2 Ra1 36. Rcd2 Rd1 37. Rxd1 Rxd1 38. Rd2 Rxd2 39. Qxd2 Kg7 40. Qd4 Bb7 41. b4 Bc8 42. a3 Qe7 43. Qd6 Qe8 44. Qc7 a6 45. Ne4 Qd7 46. Qxd7 Bxd7 47. Nc5 Bc8 48. Kg2 Kf8 49. Kf3 Ke7 50. Ke3 Kd8 51. Kd4 Kc7 52. Ne4 Bd7 53. Kc5 Bc8 54. Nd6 f6 55. exf6 Bd7 56. f7 Bc8 57. f8=Q Bd7 58. Qe7 Kb8 59. Qxd7 1-0


[Site "https://www.chess.com"]

[Event "Titled Tuesday Blitz January 03 Late 2023"]
[White "Bilan, Danila"]
[Black "Maksimovic, Bojan"]
[WhiteFideId "24161918"]
[BlackFideId "14408120"]
[WhiteElo "2303"]
[BlackElo "2486"]
[Result "1-0"]
[Round "07"]
[TimeControl "180+2"]
[Date "2023.01.03"]
[WhiteClock "0:00:07"]
[BlackClock "0:01:05"]

1. d4 Nf6 2. Nf3 g6 3. Bg5 Bg7 4. c3 d6 5. Nbd2 Nbd7 6. e4 O-O 7. Qc2 h6 8. Bh4 e5 9. dxe5 dxe5 10. Bc4 Re8 11. O-O Qe7 12. Rfe1 Qf8 13. Nf1 Nh5 14. Ne3 c6 15. a4 a5 16. Rad1 Nc5 17. Ba2 Bf6 18. Bxf6 Nxf6 19. Nc4 Ncd7 20. Nd6 Re7 21. b4 Kg7 22. Rd2 Qd8 23. Nxf7 Rxf7 24. Bxf7 Kxf7 25. Nxe5+ Kg7 26. Nxg6 Qe8 27. Nh4 Ne5 28. f4 Nc4 29. e5 Nd5 30. Rf2 Qh5 31. f5 Qxh4 32. f6+ Kf7 33. Qh7+ Ke6 34. f7 Bd7 35. Qf5+ Ke7 36. f8=Q+ Rxf8 37. Qxf8+ Ke6 38. Qf7# 1-0


[Site "https://www.chess.com"]

[Event "Titled Tuesday Blitz January 03 Late 2023"]
[White "Brodowski, Piotr"]
[Black "Goryachkina, Aleksandra"]
[WhiteFideId "1124480"]
[BlackFideId "4147103"]
[WhiteElo "2457"]
[BlackElo "2571"]
[Result "0-1"]
[Round "07"]
[TimeControl "180+2"]
[Date "2023.01.03"]
[WhiteClock "0:00:02"]
[BlackClock "0:00:12"]

1. c4 Nf6 2. Nc3 c5 3. g3 g6 4. Bg2 Bg7 5. a3 O-O 6. b4 d6 7. Nf3 Be6 8. Qb3 Nc6 9. O-O Rc8 10. Bb2 Nd4 11. Nxd4 cxd4 12. Nd5 Nxd5 13. cxd5 Bg4 14. Rfe1 Qb6 15. h3 Bd7 16. Rac1 a5 17. d3 Bh6 18. Rc4 Rxc4 19. Qxc4 Bg7 20. Rc1 Rc8 21. Qb3 Rxc1+ 22. Bxc1 axb4 23. Qxb4 Qc5 24. Qxc5 dxc5 25. d6 exd6 26. Bxb7 Kf8 27. h4 Ke7 28. Kf1 Ba4 29. Ke1 Ke6 30. Bc8+ Kd5 31. Bf4 Be5 32. Bh6 Kc6 33. Kd2 d5 34. h5 c4 35. hxg6 hxg6 36. Bf8 c3+ 37. Kc1 Kc7 38. Ba6 f5 39. Kb1 Bd7 40. e3 Kb6 41. exd4 Bxd4 0-1


[Site "https://www.chess.com"]